 Dungeon Crawl Stone Soup version 0.18.1-47-g9310371 (webtiles) character file.

120 Ery the Chopper (level 4, 41/41 HPs)
             Began as a Minotaur Berserker on June 23, 2016.
             Was a Priest of Trog.
             Quit the game on level 3 of the Dungeon.
             The game lasted 00:04:26 (2176 turns).

Ery the Chopper (Minotaur Berserker)                Turns: 2176, Time: 00:04:27

Health: 41/41      AC:  2    Str: 21    XL:     4   Next: 75%
Magic:  12/12      EV: 13    Int:  9    God:    Trog [***...]
Gold:   202        SH:  0    Dex: 11    Spells: 0 memorised, 3 levels left

rFire  . . .     SeeInvis .     a - +0 hand axe
rCold  . . .     Gourm    .     t - +0 robe (curse)
rNeg   . . .     Faith    .     (no shield)
rPois  .         Spirit   .     (helmet restricted)
rElec  .         Dismiss  .     (no cloak)
rCorr  .         Reflect  .     (no gloves)
SustAt .         Harm     .     (no boots)
MR     .....                    (no amulet)
Stlth  +.........               q - ring of magical power
                                k - +5 ring of intelligence

@: not resistant to hostile enchantments, very unstealthy
A: retaliatory headbutt, horns 2
a: Berserk, Trog's Hand, Burn Spellbooks, Renounce Religion


You were on level 3 of the Dungeon.
You worshipped Trog.
Trog was most pleased with you.
You were very hungry.

You visited 1 branch of the dungeon, and saw 3 of its levels.

You collected 202 gold pieces.

Inventory:

Hand Weapons
 a - a +0 hand axe (weapon)
Armour
 g - a +0 ring mail
 t - a cursed +0 robe (worn)
Jewellery
 k - a +5 ring of intelligence (left hand)
 q - a ring of magical power (right hand)
Scrolls
 b - 2 scrolls of amnesia {unknown}
 d - 3 scrolls of identify {unknown}
 e - 5 scrolls of remove curse {unknown}
 m - a scroll of random uselessness {unknown}
 n - a scroll of enchant armour {unknown}
 r - a scroll of blinking {unknown}
Potions
 h - 2 potions of mutation {unknown}
 i - a potion of resistance {unknown}
 j - a potion of heal wounds {unknown}
 l - a potion of lignification {unknown}
 o - 2 potions of curing {unknown}
 s - 2 potions of degeneration {unknown}
 u - a potion of ambrosia {unknown}
Comestibles
 c - 3 bread rations
 f - a fruit
 p - a slice of pizza


   Skills:
 + Level 4.6 Fighting
 + Level 4.7 Axes
 + Level 3.2 Armour
 + Level 3.2 Dodging
 + Level 0.6 Stealth


You had 3 spell levels left.
You didn't know any spells.

Dungeon Overview and Level Annotations

Branches:
Dungeon (3/15)

Altars:
Cheibriados
Fedhas
Okawaru
Ru
Sif Muna
Xom
Yredelemnul


Innate Abilities, Weirdness & Mutations

You reflexively headbutt those who attack you in melee.
You have a pair of horns on your head.


Message History

Done exploring.
No target in view!
No target in view!
Done exploring.
No target in view!
Done exploring.
Done exploring.
No target in view!
No target in view!
Done exploring.
Done exploring.
No target in view!
Done exploring.
Are you sure you want to abandon this character and quit the game? (Confirm with "yes".)
Okay, then.
Are you sure you want to abandon this character and quit the game? (Confirm with "yes".)
Okay, then.
Unknown command.
Unknown command.
Are you sure you want to abandon this character and quit the game? (Confirm with "yes".)

#.(.........
###########. ####
#....######. #..#
#....#...... ##.#
#....#.#####
##.##
#....#.#....
#...#
#....'.#.###
##..####....###.#
#@.............#
#.#######.######
#.........######
#####..........#
#..........#
#..........#
#..........#
#..........###
#.............


There were no monsters in sight!

Vanquished Creatures
  4 adders
  A worm (D:2)
  A dart slug (D:2)
  4 giant geckos
  3 orcs (D:3)
  A giant cockroach (D:2)
  11 goblins
  10 hobgoblins
  3 jackals (D:1)
  11 kobolds
  A ball python (D:2)
  9 bats
  3 giant newts
  7 rats
69 creatures vanquished.

Notes
Turn   | Place    | Note
--------------------------------------------------------------
     0 | D:1      | Ery the Minotaur Berserker began the quest for the Orb.
     0 | D:1      | Reached XP level 1. HP: 19/19 MP: 0/0
   385 | D:1      | Reached XP level 2. HP: 27/27 MP: 1/1
   672 | D:2      | Reached XP level 3. HP: 33/33 MP: 2/2
   697 | D:2      | Reached ** piety under Trog
   733 | D:2      | Found a blossoming altar of Fedhas.
   971 | D:2      | Reached XP level 4. HP: 38/40 MP: 3/3
  1204 | D:3      | Found a shimmering altar of Xom.
  1204 | D:3      | Found a deep blue altar of Sif Muna.
  1382 | D:3      | Reached *** piety under Trog
  1943 | D:3      | Found a sacrificial altar of Ru.
  2086 | D:3      | Found a snail-covered altar of Cheibriados.
  2087 | D:3      | Found a basalt altar of Yredelemnul.
  2093 | D:3      | Found an iron altar of Okawaru.
  2176 | D:3      | Quit the game

Skill      XL: |  1  2  3  4 |
---------------+-------------+-----
Fighting       | 4 |  4.6
Axes           | 4 |  4.7
Dodging        | 3 |  3.2
Armour         | 3 |  3.2
Stealth        | |  0.6

Action                   |  1- 3 |  4- 6 || total
-------------------------+-------+-------++-------
Melee: Hand axe          |    68 |    53 ||   121
       Headbutt          |     9 |     8 ||    17
Invok: Berserk           |     1 |     1 ||     2
 Stab: Sleeping          |     1 |     1 ||     2
  Eat: Chunk             |       |     4 ||     4
       Fruit             |       |     1 ||     1
Armor: Animal skin       |     2 |       ||     2
       Ring mail         |    22 |    15 ||    37
Dodge: Dodged            |    45 |    49 ||    94
